 Dungeon Crawl Stone Soup version 0.27.1-33-g824d729ab1 (webtiles) character file.

Game seed: 11853790589083931641

11 Descartes the Grasshopper (level 2, 13/13 HPs)
             Began as a Felid Warper on Dec 21, 2021.
             Was a Follower of Vehumet.
             Got out of the dungeon alive.
             The game lasted 00:01:31 (1204 turns).

Descartes the Grasshopper (Felid Warper)            Turns: 1204, Time: 00:01:32

Health: 13/13      AC:  1    Str:  7    XL:     2   Next: 17%
Magic:  6/6        EV: 18    Int: 14    God:    Vehumet [*.....]
Gold:   46         SH:  0    Dex: 15    Spells: 5/5 levels left
                                        Lives:  0   Deaths: 0

rFire    . . .     SeeInvis +     - Unarmed
rCold    . . .     Faith    .   (shield unavailable)
rNeg     . . .     Spirit   .   (armour unavailable)
rPois    .         Reflect  .   (helmet unavailable)
rElec    .         Harm     .   (cloak unavailable)
rCorr    .         Rampage  .   (gloves unavailable)
Will     .....                  (boots unavailable)
Stlth    +.........             (no amulet)
HPRegen  0.04/turn              (no ring)
MPRegen  0.10/turn              (no ring)

@: quick
A: very small, claws 1, fangs 3, see invisible, speed 1, shaggy fur 1, stealthy
paws, no weapons or thrown items, no armour, multi-lived
a: Renounce Religion


You escaped.
You worshipped Vehumet.
Vehumet was aware of your devotion.
You visited 1 branch of the dungeon, and saw 1 of its levels.

You collected 46 gold pieces.

Inventory:

Missiles
 d - 18 stones
Scrolls
 a - a scroll of blinking
Potions
 b - 2 potions of mutation {unknown}
 c - a potion of attraction {unknown}


   Skills:
 - Level 2.0 Fighting
 + Level 3.5 Dodging
 + Level 2.3 Unarmed Combat
 - Level 2.0 Spellcasting
 + Level 4.7 Translocations


You had 5 spell levels left.
You didn't know any spells.
Your spell library contained the following spells:

 Spells                   Type           Power      Damage    Failure   Level
 Shock                    Conj/Air       4%         1d3       24%         1
 Blink                    Tloc           N/A        N/A       4%          2
 Gell's Gravitas          Tloc           7%         N/A       10%         3
 Lesser Beckoning         Tloc           7%         N/A       10%         3
 Teleport Other           Tloc           14%        N/A       10%         3
 Manifold Assault         Tloc           14%        N/A       67%         5


Dungeon Overview and Level Annotations

Branches:
Dungeon (1/15)

Altars:
Vehumet


Innate Abilities, Weirdness & Mutations

You have sharp claws.
You have razor-sharp teeth.
You have supernaturally acute eyesight. (SInv)
You cover ground quickly. (Speed+)
You are covered in fur. (AC +1)
Your paws help you pounce on unaware monsters.
You are incapable of wielding weapons or throwing items.
You cannot wear armour.
You gain extra lives every three experience levels.


Message History

You closely miss the hobgoblin.
The hobgoblin is almost dead.
The hobgoblin misses you.
You scratch the hobgoblin but do no damage.
The hobgoblin is almost dead.
The hobgoblin completely misses you.
You scratch the hobgoblin.
You kill the hobgoblin!
No target in view!
No target in view!
No target in view!
No target in view!
No target in view!
No target in view!
No target in view!
No target in view!
Found a ring mail.
Found 11 gold pieces.
Things that are here:
a +0 short sword; a +0 club You now have 46 gold pieces (gained 11).
Found a faded altar of an unknown god.
There is an empty arch of ancient stone here.
You see here a +0 short sword.
Found a stone staircase leading down.
There is a stone staircase leading down here.
There is a stone staircase leading down here.
Done exploring.
Done exploring.
There is a stone staircase leading down here.
There is a faded altar of an unknown god here.
You cannot tell which god this altar belongs to.
Convert to them anyway?
Vehumet accepts your prayer! Vehumet welcomes you!
You can now gain magical power from killing.
Vehumet offers you knowledge of Shock.
There is an open door here.
There is a staircase leading out of the dungeon here.
Are you sure you want to leave the Dungeon?
This will make you lose the game!
You have escaped!

........# ........#
........# ........#
........#
........#####
........#[..########
........#.8.##.....#
........#...##..@..#
#######.#...##.....#
#.#.≈.##.....#
#.#.≈..'.....#
#.#.≈.##.....#
#.#.≈.##...(.#
#.#...##.....#
#.....########
#######


There were no monsters in sight!

Vanquished Creatures
  A ball python (D:1)
  An endoplasm (D:1)
  A goblin (D:1)
  A hobgoblin (D:1)
  A quokka (D:1)
  2 frilled lizards (D:1)
  3 kobolds (D:1)
10 creatures vanquished.

Notes
Turn   | Place    | Note
-------+----------+-------------------------------------------
     0 | D:1      | Descartes the Felid Warper began the quest for the Orb.
     0 | D:1      | Reached XP level 1. HP: 9/9 MP: 4/4
   565 | D:1      | Reached XP level 2. HP: 13/13 MP: 6/6
   931 | D:1      | Found a faded altar of an unknown god.
  1145 | D:1      | Became a worshipper of Vehumet
  1145 | D:1      | Reached * piety under Vehumet
  1145 | D:1      | Offered knowledge of Shock by Vehumet.
  1204 | D:$      | Got out of the dungeon alive.

Illustrated notes

Levels and vault maps discovered:
D:1:      dpeg_arrival_rooms_c, layout_rooms,
          shapermc_ecumenical_altar_totnotflames, chequers_serial_rivers_micro_b

Action                   || total
-------------------------++-------
Melee: Unarmed           ||    30
       Bite              ||     2
 Stab: Sleeping          ||     1
Dodge: Dodged            ||    17
